cohdb
Replays
Latest Replays
All Replays
Popular Replays
Top Player Replays
Match Explorer
How It Works
Community
CoH3 Stats
Reddit
Sign in to upload your games and track your stats! →
Sign in with Steam
Match 45950952
Unlisted
Match 45950952
Overview
Messages
Build Orders
End
Construct Infanterie Kompanie
Selects Mechanized Battlegroup
Selects Mechanized Battlegroup
GrW 34 Mortar Team
Kettenkrad Recon Vehicle
MG 42 Machine Gun Team
Pioneer Squad
Construct Panzergrenadier Kompanie
MG 42 Machine Gun Team
Pak 40 Anti-tank Gun Team
Vorspiel
Enterprise
TSu_frakas
程三羊
Kampfstärke
德意志第三军团
Gringo_Killah1
jaws2005
0
0
Comments
sign in to comment!
No comments posted yet!